 Dungeon Crawl Stone Soup version 0.22-a0-348-gd16d139 (webtiles) character file.

188 kidcy the Chiller (level 5, -4/35 HPs)
             Began as a Merfolk Ice Elementalist on Apr 10, 2018.
             Slain by Robin
             ... wielding a +6 club
              (6 damage)
             ... on level 3 of the Dungeon.
             The game lasted 00:10:20 (2786 turns).

kidcy the Chiller (Merfolk Ice Elementalist)        Turns: 2786, Time: 00:10:21

Health: -4/35      AC: 13    Str:  9    XL:     5   Next: 67%
Magic:  0/9        EV: 13    Int: 20    God:
Gold:   78         SH:  0    Dex: 14    Spells: 4/10 levels left

rFire    . . .     SeeInvis .   n - +0 spear
rCold    . . .     Gourm    .   (no shield)
rNeg     . . .     Faith    .   a - +0 robe
rPois    .         Spirit   .   t - +2 helmet
rElec    .         Reflect  .   j - +0 cloak
rCorr    .         Harm     .   (no gloves)
MR       .....                  (no boots)
Stlth    ++........             (no amulet)
HPRegen  0.11/turn              (no ring)
MPRegen  0.11/turn              (no ring)

@: brilliant, icy armour
A: change form in water, swift swim, stealthy swim
a: no special abilities


You were on level 3 of the Dungeon.
You were hungry.

You visited 1 branch of the dungeon, and saw 3 of its levels.

You collected 78 gold pieces.

Inventory:

Hand Weapons
 n - a +0 spear (weapon)
Armour
 a - a +0 robe (worn)
 g - a +0 scale mail
 j - a +0 cloak (worn)
 q - a +0 buckler
 t - a +2 helmet (worn)
Jewellery
 s - an uncursed ring of see invisible {unknown}
Scrolls
 e - 4 scrolls of identify
 l - 3 scrolls of remove curse
Comestibles
 c - 2 rations


   Skills:
 - Level 2.6 Dodging
 - Level 2.1 Stealth
 + Level 3.0 Spellcasting
 - Level 0.7 Conjurations
 * Level 2.9 Charms
 * Level 5.2 Ice Magic


You had 4 spell levels left.
You knew the following spells:

 Your Spells              Type           Power        Failure   Level  Hunger
a - Freeze                Ice            ####         1%          1    None
b - Throw Frost           Conj/Ice       ####..       1%          2    ##.....
c - Ozocubu's Armour      Chrm/Ice       ####....     1%          3    ###....


Dungeon Overview and Level Annotations

Branches:
Dungeon (3/15)

Altars:

Annotations:
D:3 Robin; TheNamelessOne's ghost, amateur DsCK


Message History

Evoke which item? (* to show all) (? for menu, Esc to quit)
Okay, then.
You hit Robin.
Robin is moderately wounded.
The quokka closely misses you.
Robin says, "My army is invincible!"
Robin misses you. The quokka barely misses you.
Casting: Freeze (safe; 1% risk of failure)
Confirm with . or Enter, or press ? or * to list all spells.
Aiming: Freeze (safe; 1% risk of failure)
Press: ? - help, Shift-Dir - straight line, f - Robin
Aim: Robin, wielding an enchanted club, wearing an animal skin and wearing a helmet (moderately wounded)
You freeze Robin.
Robin is almost dead.
The hobgoblin no longer looks unusually strong.
Robin barely misses you. The quokka barely misses you.
You hit Robin.
Robin is almost dead.
The quokka misses you. Robin hits you with an enchanted club.
You die... #######.lg...... ....>.........##### ....#####...........# .. ..# #...........# ..#.# #...........# .#.###%..ggg.....# ggK

+?...gg.....
#g# #...gg..K§.
#@# #.......g§#
#r# #.......§g#
#W# ......§g§#
#.##########g##
####### #...W.#
#.# #.....#
#####.######.##
#.....#
#............#
#.....#
#.##W#####.#.#
#.....#
#........#+#.#


You could see Robin, TheNamelessOne's ghost, a quokka, 2 hobgoblins and a
kobold.

Vanquished Creatures
  Ijyb (D:3)
  2 orc wizards (D:3)
  5 adders
  2 worms (D:2)
  A dart slug (D:2)
  2 leopard geckos
  An orc (D:3)
  2 ball pythons
  12 bats
  2 giant cockroaches
  8 goblins
  3 hobgoblins
  A jackal (D:1)
  A quokka (D:2)
  5 frilled lizards
  8 kobolds
  3 rats
59 creatures vanquished.

Notes
Turn   | Place    | Note
-------+----------+-------------------------------------------
     0 | D:1      | kidcy the Merfolk Ice Elementalist began the quest for the Orb.
     0 | D:1      | Reached XP level 1. HP: 13/13 MP: 3/3
   410 | D:1      | Reached XP level 2. HP: 19/19 MP: 3/5
   415 | D:1      | Learned a level 2 spell: Throw Frost
   695 | D:1      | Reached skill level 4 in Ice Magic
  1301 | D:2      | Reached XP level 3. HP: 6/24 MP: 0/6
  1429 | D:2      | Learned a level 3 spell: Ozocubu's Armour
  1570 | D:2      | Reached skill level 1 in Charms
  1689 | D:2      | Reached XP level 4. HP: 29/30 MP: 0/7
  2487 | D:3      | Reached XP level 5. HP: 17/35 MP: 3/9
  2490 | D:3      | Reached skill level 5 in Ice Magic
  2496 | D:3      | Noticed TheNamelessOne's ghost (amateur DsCK)
  2545 | D:3      | Noticed Ijyb
  2561 | D:3      | Noticed Robin
  2744 | D:3      | Paralysed by Ijyb for 5 turns
  2754 | D:3      | Paralysed by Ijyb for 6 turns
  2763 | D:3      | Killed Ijyb
  2782 | D:3      | HP: 1/35 [Robin/enchanted club (3)]
  2786 | D:3      | Slain by Robin

Vault maps used:
D:1:      nicolae_arrival_somewhat_less_tricky_arrival
D:3:      lemuel_upstairs_altar, uniq_robin, uniq_ijyb

Skill      XL: |  1  2  3  4  5 |
---------------+----------------+-----
Ice Magic      | 4 5 |  5.2
Charms         | 1 2 |  2.9
Spellcasting   | 3 |  3.0
Dodging        | |  2.6
Stealth        | |  2.1
Conjurations   | |  0.7

Action                   |  1- 3 |  4- 6 || total
-------------------------+-------+-------++-------
Melee: Unarmed           |     7 |       ||     7
       Spear             |     5 |    48 ||    53
 Cast: Freeze            |    51 |    49 ||   100
       Ozocubu's Armour  |       |     1 ||     1
  Use: Scroll            |       |     6 ||     6
       Potion            |       |     5 ||     5
  Eat: Chunk             |     1 |     2 ||     3
       Ration            |     1 |       ||     1
Armor: Robe              |    16 |    51 ||    67
Dodge: Dodged            |    41 |   113 ||   154

Table legend:
 A = Spawn XP
 B = Non-spawn XP
 C = Spawn XP percentage of total XP
 D = Spawn monster count
 E = Non-spawn monster count
 F = Spawn count percentage of total count
 G = Total turns spent on level
                    A         B        C        D         E        F      G
               +---------+---------+-------+---------+---------+-------+---------
         Total |       0 |     269 |   0.0 |       0 |      59 |   0.0 |  2786
               +---------+---------+-------+---------+---------+-------+---------
           D:1 |       0 |      31 |   0.0 |       0 |      18 |   0.0 |  1264
           D:2 |       0 |      86 |   0.0 |       0 |      20 |   0.0 |   921
           D:3 |       0 |     152 |   0.0 |       0 |      21 |   0.0 |   601
               +---------+---------+-------+---------+---------+-------+---------
